 Dungeon Crawl Stone Soup version 0.28.0-53-g5a82cb258f (webtiles) character file.

Game seed: 13350748968650055028

1381 pkoi the Stinger (level 8, 0/57 HPs)
             Began as a Demigod Venom Mage on June 3, 2022.
             Slain by a wyvern zombie (9 damage)
             ... on level 6 of the Dungeon.
             The game lasted 00:14:22 (10158 turns).

pkoi the Stinger (Demigod Venom Mage)              Turns: 10158, Time: 00:14:23

Health: 0/57       AC:  6    Str:  9    XL:     8   Next: 17%
Magic:  19/27      EV: 12    Int: 25    God:
Gold:   228        SH:  0    Dex: 14    Spells: 4/15 levels left

rFire   . . .      SeeInvis .   c - +0 whip (drain)
rCold   . . .      Faith    .   (no shield)
rNeg    + . .      Spirit   .   a - +1 robe
rPois   .          Reflect  .   l - +2 helmet
rElec   .          Harm     .   n - scarf {+Inv}
rCorr   .          Rampage  .   (no gloves)
Will    .....                   (no boots)
Stlth   +.........              (no amulet)
HPRegen 0.19/turn               k - ring of magical power
MPRegen 0.20/turn               f - ring of positive energy

@: about to teleport, very slow
A: high MP 1, forlorn, divine attributes
a: Evoke Invisibility


You were on level 6 of the Dungeon.
You visited 2 branches of the dungeon, and saw 7 of its levels.
You also visited: Sewer.

You collected 228 gold pieces.

Inventory:

Hand Weapons
 b - a +0 dagger
 c - a +0 whip of draining (weapon)
 s - a +0 short sword
Missiles
 u - 17 poisoned darts
Armour
 a - a +1 robe (worn)
 l - a +2 helmet (worn)
 n - a scarf of invisibility (worn)
Jewellery
 d - a ring of flight
 f - a ring of positive energy (right hand)
 k - a ring of magical power (left hand)
Wands
 p - a wand of polymorph (8)
Scrolls
 e - 2 scrolls of identify
 i - a scroll of teleportation
 j - a scroll of blinking
 o - 2 scrolls of fog
 t - a scroll of magic mapping
Potions
 g - 4 potions of haste
 h - 3 potions of cancellation
 m - a potion of might
 q - a potion of brilliance {unknown}
 r - a potion of heal wounds {unknown}
 v - a potion of curing


   Skills:
 - Level 1.7 Dodging
 - Level 1.7 Stealth
 + Level 4.4 Spellcasting
 - Level 3.0 Conjurations
 - Level 3.0 Transmutations
 - Level 3.0 Fire Magic
 - Level 2.0 Air Magic
 + Level 6.3 Poison Magic


You had 4 spell levels left.
You knew the following spells:

 Your Spells              Type           Power      Damage    Failure   Level
a - Sting                 Tmut/Pois      100%       1d8       1%          1
b - Poisonous Vapours     Pois/Air       52%        N/A       2%          2
c - Magic Dart            Conj           80%        1d7       2%          1
d - Ignite Poison         Fire/Tmut/Pois 26%        N/A       4%          3
e - Olgreb's Toxic Radia  Pois           37%        N/A       6%          4

Your spell library contained the following spells:

 Spells                   Type           Power      Damage    Failure   Level
 Searing Ray              Conj           40%        2d5       3%          2
 Mephitic Cloud           Conj/Pois/Air  24%        N/A       5%          3
 Inner Flame              Hex/Fire       13%        N/A       14%         3
 Call Canine Familiar     Summ           5%         N/A       26%         3
 Portal Projectile        Hex/Tloc       10%        N/A       26%         3
 Fulminant Prism          Conj/Hex       6%         3d7       43%         4
 Cause Fear               Hex            2%         N/A       65%         4
 Leda's Liquefaction      Hex/Erth       2%         N/A       65%         4
 Freezing Cloud           Conj/Ice/Air   6%         6-21      77%         5
 Malign Gateway           Summ/Tloc      2%         N/A       100%        7
 Discord                  Hex            2%         N/A       100%        8
 Summon Horrible Things   Summ           2%         N/A       100%        8


Dungeon Overview and Level Annotations

Branches:
Dungeon (6/15)             Temple (1/1) D:4           Sewer (visited)


Innate Abilities, Weirdness & Mutations

You have an increased reservoir of magic. (+10% MP)
You shall have no god before yourself.
Your divine heritage dramatically boosts your attributes as you level up.


Message History

Casting: Magic Dart (safe; 2% risk of failure)
Confirm with . or Enter, or press ? or * to list all spells.
Aiming: Magic Dart (safe; 2% risk of failure)
Press: ? - help, Shift-Dir - straight line, f/p - wyvern zombie
Aim: a wyvern zombie (moderately damaged, 100% to hit)
The magic dart hits the wyvern zombie.
The wyvern zombie is moderately damaged.
The wyvern zombie bites you but does no damage.
Unknown command.
Casting: Magic Dart (safe; 2% risk of failure)
Confirm with . or Enter, or press ? or * to list all spells.
Aiming: Magic Dart (safe; 2% risk of failure)
Press: ? - help, Shift-Dir - straight line, f/p - wyvern zombie
Aim: a wyvern zombie (moderately damaged, 100% to hit)
The magic dart hits the wyvern zombie.
The wyvern zombie is moderately damaged.
The wyvern zombie bites you!
* * * LOW HITPOINT WARNING * * *
Your magical contamination has completely faded away.
Casting: Magic Dart (safe; 2% risk of failure)
Confirm with . or Enter, or press ? or * to list all spells.
Aiming: Magic Dart (safe; 2% risk of failure)
Press: ? - help, Shift-Dir - straight line, f/p - wyvern zombie
Aim: a wyvern zombie (moderately damaged, 100% to hit)
The magic dart hits the wyvern zombie.
The wyvern zombie is heavily damaged.
The wyvern zombie closely misses you. The wyvern zombie bites you!
* * * LOW HITPOINT WARNING * * *
Casting: Magic Dart (safe; 2% risk of failure)
Confirm with . or Enter, or press ? or * to list all spells.
Aiming: Magic Dart (safe; 2% risk of failure)
Press: ? - help, Shift-Dir - straight line, f/p - wyvern zombie
Aim: a wyvern zombie (heavily damaged, 100% to hit)
The magic dart hits the wyvern zombie.
The wyvern zombie is heavily damaged.
The wyvern zombie bites you!
* * * LOW HITPOINT WARNING * * *
As you read the scroll of teleportation, it crumbles to dust.
You feel strangely unstable. The wyvern zombie bites you!
You die...

.########.#.## *,* .# #####*#*
*,* .# #.#≈≈≈≈* *,*
.######.+,*,≈* *,* ........#≈,*≈*
**,*****
..#####.#≈≈≈≈#####****,,,,,,** **
..# ##.######...#*,,,,,***,,* *,
..# #.........#Z#*,***,****,***,
..# #.........#@#,,,**,**,,,,*,,
)## #.........#≈#*,,,,,,,,,,,,,*
.# #.........#≈#,,,,,,,,,,,,***
.* #........)#≈#*,***,,,,,,,** ,*
##.?..†...#≈#*,***,**,,,,,*
,*****#........#≈#*,>,,,**,,_,,*
,,,,,..........#.#,,,,*,**,_8_,*
,**,,.........[#≈#,,,,*,*,,,,,,**
,,,,,..........###,,,,*,*,,,,,,,,


You could see a wyvern zombie.

Vanquished Creatures
  Duvessa (D:4)
  2 black bears
  A necrophage (D:6)
  2 kobold brigands (Sewer)
  Blork the orc (D:5)
  4 scorpions
  Dowan (D:4)
  A water moccasin skeleton (D:6)
  A bullfrog skeleton (D:5)
  A jelly (D:5)
  Crazy Yiuf (D:5)
  4 iguanas (D:5)
  A hound skeleton (D:5)
  A howler monkey zombie (D:6)
  4 gnolls (D:4)
  11 adders
  A river rat (Sewer)
  A shadow imp (D:5)
  A white imp (D:5)
  An adder skeleton (D:4)
  A worm (Sewer)
  8 orcs
  13 ball pythons
  4 endoplasms
  A giant cockroach (D:3)
  5 goblins
  6 hobgoblins
  3 jackals (D:1)
  9 kobolds
  3 quokkas
  9 bats
  4 frilled lizards
  5 rats
112 creatures vanquished.

Vanquished Creatures (others)
  18 fungi (D:4)
18 creatures vanquished.

Grand Total: 130 creatures vanquished

Notes
Turn   | Place    | Note
-------+----------+-------------------------------------------
     0 | D:1      | pkoi the Demigod Venom Mage began the quest for the Orb.
     0 | D:1      | Reached XP level 1. HP: 14/14 MP: 5/5
   124 | D:1      | Reached skill level 3 in Poison Magic
   407 | D:1      | Reached XP level 2. HP: 7/20 MP: 0/7
   617 | D:1      | Learned a level 2 spell: Poisonous Vapours
   712 | D:1      | Noticed an eye of devastation
   716 | D:1      | Noticed a great orb of eyes
   716 | D:1      | Noticed a floating eye
   716 | D:1      | Noticed a shining eye
  1540 | D:1      | Reached skill level 1 in Air Magic
  2038 | D:2      | Reached XP level 3. HP: 19/26 MP: 2/8
  3868 | D:3      | Learned a level 1 spell: Magic Dart
  4237 | D:4      | Reached skill level 4 in Poison Magic
  4473 | D:4      | Found a staircase to the Ecumenical Temple.
  4492 | Temple   | Entered the Ecumenical Temple
  4553 | D:4      | Reached XP level 4. HP: 33/33 MP: 9/9
  4911 | D:4      | Learned a level 3 spell: Ignite Poison
  5163 | D:4      | Noticed a black bear
  5171 | D:4      | Killed a black bear
  5172 | D:4      | Reached skill level 1 in Conjurations
  5172 | D:4      | Reached skill level 1 in Transmutations
  5172 | D:4      | Reached XP level 5. HP: 38/38 MP: 11/11
  5384 | D:4      | Noticed Duvessa
  5386 | D:4      | Noticed Dowan
  5412 | D:4      | Killed Duvessa
  5413 | D:4      | Reached skill level 1 in Fire Magic
  5424 | D:4      | Killed Dowan
  5425 | D:4      | Reached XP level 6. HP: 36/45 MP: 1/12
  6627 | D:5      | Entered Level 5 of the Dungeon
  6636 | D:5      | Learned a level 4 spell: Olgreb's Toxic Radiance
  6669 | D:5      | Reached XP level 7. HP: 41/50 MP: 14/14
  6875 | D:5      | Reached skill level 5 in Poison Magic
  7536 | D:5      | Noticed Blork the orc
  7548 | D:5      | Killed Blork the orc
  8066 | D:5      | Noticed a yak
  8067 | D:5      | Noticed a vampire
  8582 | D:5      | Found a runed translucent door.
  8583 | D:5      | Noticed Crazy Yiuf
  8605 | D:5      | Killed Crazy Yiuf
  9021 | D:6      | Found a glowing drain.
  9030 | Sewer    | Entered a sewer
  9716 | Sewer    | Reached skill level 6 in Poison Magic
  9716 | Sewer    | Reached XP level 8. HP: 42/57 MP: 16/17
 10158 | D:6      | Slain by a wyvern zombie

Illustrated notes

Levels and vault maps discovered:
D:1:      lightli_arrival_flooded_house, layout_rooms,
          hellmonk_ecumenical_altar_watching_god
D:2:      layout_basic
D:3:      layout_loops_ring, minmay_quantized
D:4:      old_forge, layout_gridville, minmay_temple_entry_offerings,
          uniq_duvessa
D:5:      layout_cave_pools, minmay_misc_feat_secret_circle,
          lightli_corner_chamber, uniq_blork_the_orc, uniq_crazy_yiuf_cottage
D:6:      layout_rooms, chequers_temple_overflow_statue_of_worship,
          portal_sewer_entry_d, kennysheep_generic_room_14
Temple:   nicolae_temple_no_exploring_needed

Skill      XL: |  1  2  3  4  5  6  7 |
---------------+----------------------+-----
Poison Magic   | 3 4 6 |  6.3
Air Magic      | 1 2 |  2.0
Spellcasting   | 2 3 4 |  4.4
Conjurations   | 1 2 3 |  3.0
Transmutations | 1 2 3 |  3.0
Fire Magic     | 1 2 3 |  3.0
Dodging        | |  1.7
Stealth        | |  1.7

Action                   |  1- 3 |  4- 6 |  7- 9 || total
-------------------------+-------+-------+-------++-------
Melee: Whip              |    19 |     9 |    38 ||    66
       Punch             |     1 |       |       ||     1
 Cast: Sting             |    87 |    62 |    42 ||   191
       Poisonous Vapours |    11 |    18 |    38 ||    67
       Ignite Poison     |       |     2 |    20 ||    22
       Magic Dart        |       |       |    28 ||    28
  Use: Scroll            |     8 |     2 |     6 ||    16
Armor: Robe              |    11 |    12 |    20 ||    43
Dodge: Dodged            |    54 |    29 |    51 ||   134
